 Dungeon Crawl Stone Soup version 0.15-a0-306-g5a3139e (webtiles) character file.

170329 BluebellGnoll the Deadly Accurate (level 17, -1/180 HPs)
             Began as an Ogre Hunter on Apr 28, 2014.
             Was a High Priest of Okawaru.
             Slain by a guardian serpent (13 damage)
             ... on Level 5 of the Snake Pit on Apr 30, 2014.
             The game lasted 07:27:16 (44741 turns).

BluebellGnoll the Deadly Accurate (Ogre Hunter)    Turns: 44741, Time: 07:27:16

HP  -1/180       AC 10     Str 26      XL: 17   Next: 92%
MP  22/27        EV 18     Int 10      God: Okawaru [*****.]
Gold 2728        SH  0     Dex 12      Spells:  1 memorised, 15 levels left

rFire  . . .     SeeInvis +     u - +2,+8 flail of Wyrd {crush, Dex+2}
rCold  . . .     Clarity  .     l - +2 robe {MR+}
rNeg   + . .     Conserve .     (shield restricted)
rPois  +         rCorr    .     i - +2 hat
rElec  .         rRot     .     F - +2 cloak {+Inv}
SustAb . .       Spirit   .     (gloves unavailable)
rMut   .         Warding  .     (boots unavailable)
Gourm  +         Stasis   .     y - amulet of the gourmand
MR     ++...                    P - ring of poison resistance
                                n - ring of Shadows {Umbra +Inv rN+ SInv}

@: finesse, wreathed by umbra, very resistant to hostile enchantments,
unstealthy
A: unfitting armour, fast metabolism 1, saprovore 1, tough skin 1
a: Heroism, Finesse, Renounce Religion, Evoke Invisibility


You were on level 5 of the Snake Pit.
You worshipped Okawaru.
Okawaru was extremely pleased with you.
You were full.

You visited 5 branches of the dungeon, and saw 31 of its levels.
You also visited: Ossuary and Bailey.

You collected 3123 gold pieces.
You spent 395 gold pieces at shops.

Inventory:

Hand weapons
 b - the +5,+9 bardiche of Distraction {venom, MR+ Dex+1 Int+3, unknown}
   (Okawaru gifted it to you on level 5 of the Snake Pit)

   It poisons the flesh of those it strikes.
   It affects your intelligence (+3).
   It affects your dexterity (+1).
   It affects your resistance to hostile enchantments.
 h - a +6,+7 flail of holy wrath
 u - the +2,+8 flail of Wyrd (weapon) {crush, Dex+2}
   (You found it on level 2 of the Lair of Beasts)

   It inflicts extra damage upon your enemies.
   It affects your dexterity (+2).
Missiles
 p - 2 javelins of penetration (quivered)
 B - 4 curare-tipped needles
 R - 4 tomahawks of returning
Armour
 c - a +0 cloak of magic resistance
 i - a +2 hat (worn)
 l - a +2 robe of magic resistance (worn)
 m - a +0 robe of magic resistance
 F - a +2 cloak of darkness (worn)
Magical devices
 t - a wand of lightning (2)
 z - a wand of enslavement (6)
 I - a wand of confusion (7)
 J - a wand of teleportation (4)
 N - a wand of cold (11)
 Q - a wand of invisibility (4)
Comestibles
 f - 3 meat rations
 k - a bread ration
Scrolls
 e - a scroll of identify
 g - a scroll of fear
 j - 2 scrolls of fog
 o - 2 scrolls of immolation
 q - a scroll of recharging
 s - 4 scrolls of teleportation
 w - a scroll of holy word
 C - 3 scrolls of remove curse
 K - 2 scrolls of magic mapping
 S - a scroll of blinking
Jewellery
 a - the ring of Xebovvah {Ice +Blink +Rage rN+ Acc+3}
   (You acquired it on level 2 of the Lair of Beasts)

   [ring of ice]

   It enhances your ice magic, and weakens your fire magic.
   It affects your accuracy with ranged weapons and melee attacks (+3).
   It makes you vulnerable to fire.
   It protects you from cold.
   It protects you from negative energy.
   It lets you blink.
   It lets you go berserk.
 n - the ring of Shadows (left hand) {Umbra +Inv rN+ SInv}
   (You took it off an orc warrior on level 11 of the Dungeon)

   [ring of invisibility]

   It protects you from negative energy.
   It enhances your eyesight.
   It lets you turn invisible.
 y - an amulet of the gourmand (around neck)
 D - an uncursed amulet of conservation
 L - an uncursed ring of protection from fire
 P - a ring of poison resistance (right hand)
 U - the ring of the Mage {Wiz MR++ Int+3}
   (You found it on level 3 of the Snake Pit)

   [ring of wizardry]

   It improves your spell success rate.
   It affects your intelligence (+3).
   It affects your resistance to hostile enchantments.
 W - the amulet of the Air {Inacc +Fly rElec EV+5 RMsl}
   (You found it on level 3 of the Lair of Beasts)

   [amulet of inaccuracy]

   It reduces the accuracy of all your attacks.
   It affects your evasion (+5).
   It insulates you from electricity.
   It lets you fly.
   It protects you from missiles.
 X - an uncursed amulet of stasis
Potions
 d - 2 potions of haste
 v - 3 potions of curing
 T - a potion of heal wounds
Miscellaneous
 A - a sack of spiders {used: 3}


   Skills:
 * Level 14.1 Fighting
 - Level 17.5 Maces & Flails
 + Level 18.2 Throwing
 - Level 16.0 Dodging
 - Level 0.7 Stealth
 - Level 7.2 Invocations
 - Level 6.0 Evocations


You had 15 spell levels left.
You knew the following spells:

 Your Spells              Type           Power        Failure   Level  Hunger
a - Apportation           Tloc           #.........   38%         1    ##.....


Dungeon Overview and Level Annotations

Branches:
Dungeon (15/15)            Temple (1/1) D:6             Orc (4/4) D:12
    Elf (0/3) Orc:3          Lair (6/8) D:9          Shoals (0/5) Lair:3
  Snake (5/5) Lair:6        Slime (0/6) Lair:6       Vaults (0/5) D:14
 Depths (0/5) D:15

Altars:
Cheibriados
Dithmenos
Elyvilon
Makhleb
Nemelex Xobeh
Okawaru
Sif Muna
Trog
Vehumet
Yredelemnul
Zin
The Shining One
Beogh
Jiyva

Shops:
D:5 =   D:11 *   D:12 *   D:15 *   Orc:4 (:[*

Annotations:
D:8 Prince Ribbit
D:9 gate


Innate Abilities, Weirdness & Mutations

You are too large for most types of armour.
You have a fast metabolism.
You can tolerate rotten meat.
You have tough skin (AC +1).


Message History

Things that are here:
a trident; a large shield; a robe The guardian serpent closely misses you.
Things that are here:
a robe; a flail The guardian serpent misses you.
You see here a short sword.
The guardian serpent casts a spell at you.
You resist with almost no effort.
Things that are here:
a robe; a glowing flail The guardian serpent coils itself and waves its upper body at you.
The bolt of poison hits you! You resist.
* * * LOW HITPOINT WARNING * * *
Things that are here:
a robe; a club Use which ability? (? or * to list)
You can now deal lightning-fast blows.
You feel somewhat less full. The guardian serpent hits you!
You die...

########
###......###
###..........###
##.((..[.).S...)##
##(..).######@)...#
#....### ###...##
##...## ...##...#
#(..## .....#.).#
#...# ..N.##))##
#(..# ....#().#
#.%.# #...#[..#
#.[.# #N..#).)#
#...## ##...#.).#
##.(.# ##....#[..#


You could see a guardian serpent.

Vanquished Creatures
  Nikola (Snake:4)
  Asterion (Snake:4)
  Kirke (Snake:1)
  7 greater nagas
  Donald (Orc:4)
  An orc warlord (Orc:4)
  Gastronok (D:11)
  Snorg (Lair:3)
  Josephine (D:12)
  A yaktaur captain (D:15)
  Harold (D:12)
  22 naga warriors
  4 hydras
  Nessos (D:12)
  Erica (D:12)
  9 anacondas
  4 tengu warriors
  3 orc high priests
  4 death yaks
  8 centaur warriors
  6 shock serpents
  11 naga sharpshooters
  A catoblepas (D:13)
  A sea snake (Snake:1)
  3 salamander mystics
  An unseen horror (D:9)
  A wizard (D:15)
  An orb spider (shapeshifter) (D:14)
  6 hill giants
  10 naga ritualists
  A harpy (Snake:1)
  4 mana vipers
  4 orc knights
  Joseph (D:7)
  3 orc sorcerers
  A griffon (Lair:2)
  15 salamanders
  10 elephants
  4 cyclopes
  A sixfirhy (Orc:3)
  2 gargoyles
  11 spiny frogs
  3 guardian serpents
  15 naga magi
  2 manticores
  An eye of devastation (shapeshifter) (D:14)
  32 black mambas
  A feature mimic (D:9)
  5 komodo dragons
  2 yaktaurs
  A hydra zombie (D:15)
  5 trolls
  3 tengu conjurers
  A polar bear (Lair:4)
  2 freezing wraiths (D:15)
  13 slime creatures
  8 blink frogs
  8 ravens
  3 two-headed ogres
  3 basilisks
  2 trapdoor spiders
  A griffon skeleton (D:14)
  A wyvern (D:14)
  A human (shapeshifter) (D:14)
  5 sharks (Lair:3)
  Eustachio (D:10)
  An elephant slug (Lair:6)
  3 deep elf magi
  A human (D:9)
  5 hungry ghosts
  39 yaks
  11 hippogriffs
  16 ugly things
  7 hogs
  3 necrophages
  54 nagas
  A tengu zombie (D:12)
  A soldier ant (D:13)
  9 wolves
  6 wargs
  4 sky beasts
  16 water moccasins
  A black bear (D:8)
  6 porcupines
  2 phantoms
  11 ice beasts
  33 orc warriors
  3 yellow wasps
  18 centaurs
  12 ogres
  7 crocodiles
  Duvessa (D:6)
  4 giant slugs
  12 giant frogs
  Blork the orc (D:8)
  13 big kobolds (D:8)
  An elf zombie (Ossuary)
  An ogre simulacrum (D:12)
  A cyclops skeleton (D:12)
  6 scorpions
  16 killer bees
  A troll zombie (D:13)
  An eye of draining (D:15)
  5 electric eels
  5 wights (D:8)
  A crimson imp (D:13)
  4 centaur zombies
  4 goliath beetles
  Dowan (D:6)
  2 human zombies
  11 iguanas
  3 jellies
  14 hounds
  38 orc priests
  37 orc wizards
  A basilisk skeleton (D:12)
  12 worker ants
  2 centaur skeletons
  A two-headed ogre skeleton (D:8)
  A tengu simulacrum (D:12)
  A yak simulacrum (D:11)
  An ogre zombie (D:7)
  12 sheep
  Ijyb (D:6)
  Jessica (D:3)
  2 centaur simulacra
  A hound zombie (D:6)
  3 mummies
  31 adders
  26 green rats
  A giant mite (D:9)
  6 shadow imps
  7 worms
  2 adder zombies
  3 adder skeletons
  An orc skeleton (D:8)
  3 giant eyeballs
  7 giant geckos
  An ooze (D:2)
  188 orcs
  6 ball pythons
  6 giant cockroaches
  20 goblins
  22 hobgoblins
  9 jackals
  24 bats
  2 giant gecko skeletons
  5 giant newts
  2 giant spores
  2 goblin zombies (Ossuary)
  A hobgoblin skeleton (D:4)
  9 hobgoblin zombies (Ossuary)
  A jackal skeleton (D:4)
  2 jackal zombies (Ossuary)
  39 kobolds
  12 kobold zombies
  8 orc zombies
  17 quokkas
  31 rats
  12 ballistomycetes
  2 fungi
1290 creatures vanquished.

Vanquished Creatures (collateral kills)
  A goblin (Bailey)
  A kobold (Bailey)
2 creatures vanquished.

Vanquished Creatures (others)
  A naga ritualist (Snake:4)
  A centaur skeleton (D:14)
  A raven (D:15)
  A human (Snake:1)
  5 spiders (Snake:4)
  A killer bee (D:14)
  An orc wizard (D:8)
  7 chimeras (Bailey)
  A giant spore (D:8)
  2 plants (Lair:4)
21 creatures vanquished.

Grand Total: 1313 creatures vanquished

Notes
Turn   | Place    | Note
--------------------------------------------------------------
     0 | D:1      | BluebellGnoll, the Ogre Hunter, began the quest for the Orb.
     0 | D:1      | Reached XP level 1. HP: 22/22 MP: 1/1
   213 | D:1      | Reached XP level 2. HP: 18/29 MP: 2/2
   819 | D:1      | Reached XP level 3. HP: 36/36 MP: 3/3
  1285 | D:2      | Reached skill level 5 in Maces & Flails
  1285 | D:2      | Reached XP level 4. HP: 35/44 MP: 4/4
  1406 | D:2      | Found a sparkling altar of Nemelex Xobeh.
  1630 | D:2      | Found a deep blue altar of Sif Muna.
  2056 | D:3      | Reached XP level 5. HP: 51/53 MP: 5/5
  2636 | D:3      | Reached XP level 6. HP: 37/62 MP: 6/6
  2713 | D:3      | Noticed Jessica
  2715 | D:3      | Killed Jessica
  3002 | D:4      | Reached XP level 7. HP: 37/71 MP: 7/7
  3117 | D:4      | Reached skill level 5 in Fighting
  3572 | D:5      | Entered Level 5 of the Dungeon
  3812 | D:5      | Reached skill level 5 in Dodging
  3842 | D:5      | Found a basalt altar of Yredelemnul.
  3880 | D:5      | Reached skill level 5 in Throwing
  4084 | D:5      | Found Smed Igh's Jewellery Boutique.
  4113 | D:5      | Reached XP level 8. HP: 81/81 MP: 8/8
  4504 | D:6      | Found a radiant altar of Vehumet.
  4553 | D:6      | Found a sand-covered staircase.
  4558 | Ossuary  | Entered an ossuary
  4858 | Ossuary  | Reached skill level 6 in Throwing
  5324 | D:6      | Reached skill level 7 in Throwing
  5425 | D:6      | Found a bloodstained altar of Trog.
  5500 | D:6      | Reached skill level 8 in Throwing
  5540 | D:6      | Noticed Ijyb
  5546 | D:6      | Noticed Dowan
  5546 | D:6      | Killed Ijyb
  5548 | D:6      | Killed Dowan
  5549 | D:6      | Noticed Duvessa
  5557 | D:6      | Killed Duvessa
  5597 | D:6      | Found a white marble altar of Elyvilon.
  5642 | D:6      | Found a staircase to the Ecumenical Temple.
  5648 | Temple   | Entered the Ecumenical Temple
  5664 | Temple   | Became a worshipper of Warmaster Okawaru
  5773 | D:6      | Found a glowing silver altar of Zin.
  5773 | D:6      | Found a burning altar of Makhleb.
  5844 | D:6      | Noticed an angel
  5846 | D:6      | Noticed a green death
  5974 | D:7      | Reached XP level 9. HP: 74/88 MP: 9/9
  6104 | D:7      | Reached skill level 9 in Throwing
  6396 | D:7      | Acquired Okawaru's first power
  6429 | D:7      | Noticed Joseph
  6432 | D:7      | Killed Joseph
  7158 | D:8      | Noticed Prince Ribbit
  7284 | D:8      | Reached XP level 10. HP: 96/96 MP: 10/10
  7705 | D:8      | Noticed Blork the orc
  7716 | D:8      | Killed Blork the orc
  8231 | D:8      | Found a shadowy altar of Dithmenos.
  8239 | D:8      | Reached skill level 10 in Maces & Flails
  8576 | D:8      | Reached skill level 11 in Maces & Flails
  8936 | D:9      | Killed an unseen horror
  8936 | D:9      | Reached skill level 10 in Dodging
  9298 | D:9      | Reached XP level 11. HP: 107/107 MP: 11/11
  9501 | D:9      | Found a glowing golden altar of the Shining One.
  9510 | D:9      | Found a staircase to the Lair.
  9595 | D:9      | Found a snail-covered altar of Cheibriados.
  9739 | D:9      | Received a gift from Okawaru
  9855 | D:10     | Entered Level 10 of the Dungeon
 10119 | D:10     | Noticed Eustachio
 10122 | D:10     | Killed Eustachio
 10207 | D:10     | Paralysed by a giant eyeball for 3 turns
 10280 | D:10     | Noticed a hill giant
 10287 | D:10     | Killed a hill giant
 10343 | D:10     | Found a flagged portal.
 10396 | Bailey   | Entered a bailey
 10510 | Bailey   | Got a distressingly furry robe
 10539 | Bailey   | Noticed an orc knight
 10560 | Bailey   | Killed an orc knight
 10578 | Bailey   | Acquired Okawaru's second power
 10596 | Bailey   | Found an iron altar of Okawaru.
 10658 | Bailey   | Identified the +0 robe of Happiness {Dex-4 Int+1} (You found it in a bailey)
 10946 | D:11     | Found Placwies' Serpentskin Sales.
 10973 | D:11     | Bought an uncursed ring of poison resistance for 280 gold pieces
 11029 | D:10     | Received a gift from Okawaru
 11191 | Lair:1   | Entered Level 1 of the Lair of Beasts
 11600 | Lair:1   | Received a gift from Okawaru
 11939 | Lair:2   | Got a polished flail
 11940 | Lair:2   | Identified the +2,+8 flail of Wyrd {crush, Dex+2} (You found it on level 2 of the Lair of Beasts)
 12118 | Lair:2   | Reached skill level 12 in Dodging
 12125 | Lair:2   | Received a gift from Okawaru
 12452 | Lair:2   | Reached XP level 12. HP: 124/124 MP: 12/12
 12845 | Lair:2   | Reached skill level 10 in Fighting
 13142 | Lair:2   | Learned a level 1 spell: Apportation
 13293 | Lair:3   | Received a gift from Okawaru
 13406 | Lair:3   | Found a labyrinth entrance.
 13406 | Lair:3   | Noticed Snorg
 13949 | Lair:3   | Noticed a seven-headed hydra
 13954 | Lair:3   | Killed a seven-headed hydra
 14140 | Lair:3   | Reached skill level 13 in Dodging
 14232 | Lair:3   | Killed Snorg
 14232 | Lair:3   | Received a gift from Okawaru
 14464 | Lair:3   | Found a staircase to the Shoals.
 14730 | Lair:3   | Received a gift from Okawaru
 14925 | Lair:4   | Reached skill level 1 in Invocations
 15471 | Lair:4   | Noticed a death yak
 15471 | Lair:4   | Noticed a death yak
 15471 | Lair:4   | Noticed a death yak
 15471 | Lair:4   | Noticed a death yak
 15513 | Lair:3   | Killed a death yak
 15513 | Lair:3   | Reached skill level 10 in Throwing
 15524 | Lair:3   | Killed a death yak
 15812 | Lair:2   | Killed a death yak
 15822 | Lair:2   | Received a gift from Okawaru
 16179 | Lair:3   | Killed a death yak
 16471 | Lair:4   | Reached XP level 13. HP: 115/137 MP: 21/21
 16492 | Lair:4   | Received a gift from Okawaru
 16553 | Lair:4   | Reached skill level 5 in Invocations
 17173 | Lair:5   | Received a gift from Okawaru
 17319 | Lair:5   | Received a gift from Okawaru
 17913 | Lair:5   | Received a gift from Okawaru
 18705 | Lair:6   | Found a staircase to the Snake Pit.
 18803 | Lair:6   | Received a gift from Okawaru
 19185 | Lair:6   | Found a staircase to the Slime Pits.
 19185 | Lair:6   | Found a viscous altar of Jiyva.
 20179 | Lair:2   | Identified a scroll of acquirement
 20180 | Lair:2   | Got a smoking marble ring
 20182 | Lair:2   | Identified the ring of Xebovvah {Ice +Blink +Rage rN+ Acc+3} (You acquired it on level 2 of the Lair of Beasts)
 20471 | D:11     | Noticed an orc knight
 20476 | D:11     | Killed an orc knight
 20481 | D:11     | Reached skill level 14 in Throwing
 20497 | D:11     | Noticed Gastronok
 20518 | D:11     | Killed Gastronok
 20587 | D:11     | Got a brightly glowing quarterstaff
 20702 | D:11     | Reached XP level 14. HP: 98/146 MP: 25/25
 20943 | D:11     | Identified the Reference Book on Combat Magic and Fire
 21048 | D:11     | Reached skill level 1 in Evocations
 21234 | D:12     | Noticed Josephine
 21245 | D:12     | Killed Josephine
 21297 | D:12     | Noticed Harold
 21305 | D:12     | Killed Harold
 21305 | D:12     | Reached skill level 15 in Throwing
 21309 | D:12     | Received a gift from Okawaru
 21316 | D:12     | Identified the Papyrus of Flamy Conjuration (You found it on level 12 of the Dungeon)
 21782 | D:12     | Found Paolamp's Assorted Antiques.
 21795 | D:12     | Bought a potion of heal wounds for 69 gold pieces
 21822 | D:12     | Found a staircase to the Orcish Mines.
 22026 | D:12     | Noticed Nessos
 22037 | D:12     | Killed Nessos
 22037 | D:12     | Received a gift from Okawaru
 22291 | D:12     | Noticed Erica
 22293 | D:12     | Killed Erica
 22639 | Orc:1    | Entered Level 1 of the Orcish Mines
 23306 | Orc:3    | Found a staircase to the Elven Halls.
 24374 | Orc:2    | Reached skill level 16 in Throwing
 25016 | Orc:4    | Entered Level 4 of the Orcish Mines
 25088 | Orc:4    | Found a roughly hewn altar of Beogh.
 25159 | Orc:4    | Found a roughly hewn altar of Beogh.
 25589 | Orc:4    | Found Yniurcha's Book Shop.
 25722 | Orc:4    | Noticed Donald
 25731 | Orc:4    | Killed Donald
 25731 | Orc:4    | Received a gift from Okawaru
 25736 | Orc:4    | Got a crude shield {Donald}
 26114 | Lair:2   | Identified the cursed +3 shield of Inaction {rPois} (You took it off Donald on level 4 of the Orcish Mines)
 26353 | Orc:4    | Found a roughly hewn altar of Beogh.
 26479 | Orc:4    | Found a roughly hewn altar of Beogh.
 26833 | Orc:4    | Found Claso's Assorted Antiques.
 26846 | Orc:4    | Bought a scroll labeled AKHLO CIELOXALY for 25 gold pieces
 27052 | Orc:4    | Noticed an orc warlord
 27069 | Orc:4    | Killed an orc warlord
 27079 | Orc:4    | Reached skill level 5 in Evocations
 27646 | Orc:4    | Found Voprun's Antique Weapon Emporium.
 27646 | Orc:4    | Found a roughly hewn altar of Beogh.
 27650 | Orc:4    | Found Oxuph's Antique Armour Shoppe.
 27676 | Orc:4    | Bought a runed robe for 21 gold pieces
 29007 | D:13     | Reached XP level 15. HP: 153/153 MP: 25/25
 29128 | D:13     | Received a gift from Okawaru
 29567 | D:13     | Received a gift from Okawaru
 30531 | D:14     | Received a gift from Okawaru
 30837 | D:14     | Received a gift from Okawaru
 30962 | D:14     | Received a gift from Okawaru
 31043 | D:14     | Found a gate to the Vaults.
 31542 | D:15     | Entered Level 15 of the Dungeon
 31696 | D:14     | Received a gift from Okawaru
 31882 | D:15     | Found Gamusic's Demolitions Depot.
 31947 | D:15     | Received a gift from Okawaru
 32423 | D:15     | Found a staircase to the Depths.
 32883 | D:15     | Received a gift from Okawaru
 32942 | D:15     | Reached skill level 15 in Dodging
 33307 | Snake:1  | Entered Level 1 of the Snake Pit
 33404 | Snake:1  | Received a gift from Okawaru
 33430 | Snake:1  | Noticed Kirke
 33446 | Snake:1  | Killed Kirke
 33844 | Snake:1  | Received a gift from Okawaru
 33981 | Snake:1  | Reached XP level 16. HP: 140/162 MP: 26/26
 33993 | Snake:1  | Found a bloodstained altar of Trog.
 34857 | Snake:1  | Upgraded the game from 0.15-a0-288-gf1bfef0 to 0.15-a0-306-g5a3139e
 36519 | Snake:3  | Received a gift from Okawaru
 36522 | Snake:3  | Got an ancient steam dragon armour {god gift}
 36793 | Lair:2   | Identified the -5 steam dragon armour "Peyp" {Int+4} (Okawaru gifted it to you on level 3 of the Snake Pit)
 38045 | Snake:3  | Reached skill level 15 in Maces & Flails
 39775 | Snake:4  | Received a gift from Okawaru
 40333 | Snake:4  | Received a gift from Okawaru
 40333 | Snake:4  | Reached XP level 17. HP: 159/175 MP: 27/27
 40414 | Snake:4  | Reached skill level 17 in Maces & Flails
 40557 | Snake:4  | Noticed Nikola
 40580 | Snake:4  | Killed Nikola
 40580 | Snake:4  | Received a gift from Okawaru
 40585 | Snake:4  | Got a steaming giant club {god gift}
 40586 | Snake:4  | Identified the cursed +0,+4 giant club "Gram" {flame, Int-3} (Okawaru gifted it to you on level 4 of the Snake Pit)
 40623 | Snake:4  | Noticed Asterion
 40654 | Snake:4  | Killed Asterion
 40684 | Snake:4  | Got an ancient shield
 40699 | Snake:4  | Identified the cursed +0 shield of the Six Moons {rC+ Int+1} (You took it off Asterion on level 4 of the Snake Pit)
 41233 | Snake:5  | Entered Level 5 of the Snake Pit
 42757 | Snake:5  | Received a gift from Okawaru
 43262 | Snake:5  | Received a gift from Okawaru
 43972 | Snake:5  | Got an ichor-stained shield
 44009 | Snake:5  | Identified the +1 shield of Zoddeicet {Str+2} (You found it on level 5 of the Snake Pit)
 44376 | Snake:5  | Reached skill level 18 in Throwing
 44577 | Snake:5  | Received a gift from Okawaru
 44580 | Snake:5  | Got a bloodstained bardiche {god gift}
 44741 | Snake:5  | Slain by a guardian serpent

Action                   |  1- 3 |  4- 6 |  7- 9 | 10-12 | 13-15 | 16-18 || total
-------------------------+-------+-------+-------+-------+-------+-------++-------
Melee: Club              |   104 |   114 |       |       |       |       ||   218
       Giant spiked club |       |     6 |   159 |   136 |       |       ||   301
       Morningstar       |       |       |       |   118 |       |       ||   118
       Flail             |       |       |       |   218 |   757 |   236 ||  1211
Throw: Large rock        |    16 |    28 |    57 |    86 |   362 |   275 ||   824
       Dart              |     7 |    53 |   185 |    79 |       |     2 ||   326
       Tomahawk          |       |    11 |    71 |   219 |   586 |   252 ||  1139
       Throwing net      |       |     1 |     1 |       |       |       ||     2
       Javelin           |       |       |       |   108 |   216 |   251 ||   575
Invok: Heroism           |       |       |       |     2 |     6 |     6 ||    14
       Finesse           |       |       |       |       |       |     5 ||     5
 Abil: Evoke Invisibilit |       |       |       |       |     2 |       ||     2
Evoke: Wand              |       |       |       |    11 |    12 |     2 ||    25
       Box of beasts     |       |       |       |    16 |       |       ||    16
       Sack of spiders   |       |       |       |       |       |     3 ||     3
  Use: Scroll            |       |       |    14 |    13 |    26 |     9 ||    62
       Potion            |       |       |       |     3 |     4 |     4 ||    11
 Stab: Held in net/web   |       |     1 |       |       |       |       ||     1
       Sleeping          |       |       |       |     2 |       |       ||     2
       Distracted        |       |       |       |       |     1 |       ||     1
       Invisible         |       |       |       |       |     2 |       ||     2
